 Dungeon Crawl Stone Soup version 0.32-a0-473-gd044c6f0f0 (webtiles) character file.

Game seed: 4646336795547634053

109 Esekla the Sneak (level 4, 0/31 HPs)
             Began as an Octopode Delver on Feb 25, 2024.
             Was an Initiate of Gozag.
             Slain by an orc priest
             ... wielding a +0 short sword
              (4 damage)
             ... on level 3 of the Dungeon.
             The game lasted 00:14:38 (2687 turns).

Esekla the Sneak (Octopode Delver)                  Turns: 2687, Time: 00:14:39

Health: 0/31       AC:  1    Str:  8 (11) XL:     4   Next: 89%
Magic:  5/5        EV: 13    Int: 11 (14) God:    Gozag
Gold:   515        SH:  0    Dex: 11 (13) Spells: 2/5 levels left

rFire   . . .        s - +0 dagger
rCold   . . .        (no shield)
rNeg    . . .        (helmet restricted)
rPois   .            (no amulet)
rElec   .            m - ring of willpower
rCorr   .            (no ring)
SInv    .            (no ring)
Will    +....        (no ring)
Stlth   ++++         (no ring)
HPRegen 0.25/turn    (no ring)
MPRegen 0.09/turn    (no ring)
                     (no ring)

%: no passive effects
@: gold aura
A: almost no armour, amphibious, 8 rings, camouflage 1, gelatinous body 1,
(nimble swimmer 1), tentacles
a: Renounce Religion, Potion Petition, Call Merchant, Bribe Branch


You were on level 3 of the Dungeon.
You worshipped Gozag.
Gozag was pleased with you.
You visited 2 branches of the dungeon, and saw 6 of its levels.

You collected 527 gold pieces.
You paid 12 gold pieces to Gozag.

Inventory:

Hand Weapons
 a - a +0 long sword
 r - a +0 trident
 s - a +0 dagger (weapon)
Missiles
 q - 6 boomerangs (quivered)
Jewellery
 m - a ring of willpower (left tentacle)
Wands
 f - a wand of digging (2)
Scrolls
 b - a scroll of fog
 d - a scroll of fear
 h - 2 scrolls of teleportation {unknown}
 j - a scroll of summoning {unknown}
 k - a scroll of vulnerability {unknown}
Potions
 e - 2 potions of haste
 g - 4 potions of lignification
 l - a potion of berserk rage {unknown}
 o - a potion of brilliance {unknown}
 p - a potion of ambrosia {unknown}


   Skills:
 * Level 3.1 Fighting
 + Level 0.2(1.4) Short Blades
 + Level 2.4 Long Blades
 * Level 2.2 Dodging
 + Level 7.5 Stealth
 * Level 1.0 Spellcasting
 * Level 1.3 Conjurations
 * Level 1.0 Air Magic
 * Level 1.1 Alchemy


You had 2 spell levels left.
You knew the following spells:

 Your Spells              Type           Power      Damage    Failure   Level
a - Apportation           Tloc           0%         N/A       32%         1
b - Blink                 Tloc           0%         N/A       43%         2

Your spell library contained the following spells:

 Spells                   Type           Power      Damage    Failure   Level
 Sting                    Conj/Alch      12%        1d3       21%         1
 Necrotise                Necr           0%         1d4       32%         1
 Summon Small Mammal      Summ           0%         N/A       32%         1
 Mercury Vapours          Alch/Air       4%         N/A       32%         2
 Momentum Strike          Conj/Tloc      4%         3d8       36%         2
 Lesser Beckoning         Tloc           0%         N/A       43%         2
 Mephitic Cloud           Conj/Alch/Air  3%         N/A       52%         3
 Inner Flame              Hex/Fire       0%         N/A       67%         3
 Irradiate                Conj/Alch      1%         3d12      99%         5
 Freezing Cloud           Conj/Ice/Air   1%         6-21      100%        5
 Ignition                 Fire           0%         3d3       100%        8


Dungeon Overview and Level Annotations

Branches:
Dungeon (5/15)             Temple (1/1) D:5

Altars:
Ashenzari
Cheibriados
Dithmenos
Elyvilon
Fedhas
Gozag
Kikubaaqudgha
Makhleb
Nemelex Xobeh
Okawaru
Qazlal
Ru
Sif Muna
Trog
Uskayaw
Vehumet
Wu Jian
Xom
Zin
The Shining One

Annotations:
D:2 Sigmund


Innate Abilities, Weirdness & Mutations

You cannot wear most types of armour.
You are amphibious.
You can wear up to eight rings at the same time.
Your skin changes colour to match your surroundings (Stealth+).
Your rubbery body absorbs attacks. (AC +1, EV +1)
((You are camouflaged when in or above water. (Stealth+)))
You have tentacles for arms and can constrict up to eight enemies at once.


Message History

You constrict the orc.
You hear a shout!
The orc hits you with a +0 hand axe.
You hit the orc.
The orc is almost dead.
You constrict the orc.
You kill the orc!
The orc picks up some gold.
The orc hits you with a +0 club.
You slash the orc!
You kill the orc!
You slash the orc!
You kill the orc!
The orc priest calls down the wrath of Beogh upon you.
Beogh smites you!
* * * LOW HITPOINT WARNING * * *
It was a potion of lignification.
You turn into a tree.
Your roots penetrate the ground.
It was a potion of resistance.
You feel protected.
The orc priest hits you but does no damage.
You feel yourself speed up.
The orc priest is distracted by your dazzling golden aura.
It was a potion of degeneration.
There was something very wrong with that liquid.
You feel weakened.
You feel dopey.
You feel clumsy.
It was a potion of cancellation.
Your magical effects are unravelling.
You feel magically purged.
You feel less wooden.
You feel yourself slow down.
Your resistance to elements expires.
Okay, then.
s - a +0 dagger (weapon)
You barely miss the orc priest.
The orc priest is no longer distracted by gold.
The orc priest shouts!
You grab the orc priest.
You constrict the orc priest, but do no damage.
The orc priest hits you with a +0 short sword.
You die...
Your body crumbles into a pile of gold. .....#.)......# ## ###.###.#### .###..###.#######.P ## #.#....... .≈.§.≈.....#..# .PPP.

##.#.....#
.........#.#.##########....#.#
.≈.≈.≈.≈.#.............#.#.#.#
.........#.#.#.....#...#.#.#.#.#
.§§≈.≈.≈.#.#.#.###.#.#.........#
.§.......#.#.#.###.###.#.#.#.###
.≈.≈.≈.≈.#.#.#[.@o...#.#.#.#.#
.........#.#.#####.#.#.#.#.#.####
.≈.≈§§.≈.#.#.. ..# ..#.#.......
...§§....#.#############.###.####
.≈.≈.§.≈.#...................#
....§§...#.#############.########
.≈.≈.≈.≈##.# #.........
........#..# ##########
.≈.≈§§....##


You could see an orc priest.

Vanquished Creatures
  A hound (D:3)
  An adder (D:2)
  A ribbon worm (D:3)
  2 dart slugs
  7 orcs
  3 ball pythons (D:3)
  2 endoplasms
  A giant cockroach (D:2)
  5 hobgoblins
  6 jackals
  3 quokkas
  6 bats
  6 frilled lizards
  6 goblins
  2 kobolds (D:3)
  2 rats
54 creatures vanquished.

Notes
Turn   | Place    | Note
-------+----------+-------------------------------------------
     0 | D:5      | Esekla the Octopode Delver began the quest for the Orb.
     0 | D:5      | Reached XP level 1. HP: 16/16 MP: 1/1
     7 | D:5      | Found a staircase to the Ecumenical Temple.
    15 | Temple   | Entered the Ecumenical Temple
    18 | D:5      | Found a shadowy altar of Dithmenos.
    45 | D:5      | Noticed an iguana
   115 | Temple   | Became a worshipper of Gozag Ym Sagoz the Greedy
   146 | D:4      | Noticed a jelly
   271 | D:4      | Reached XP level 2. HP: 21/21 MP: 2/2
   340 | D:3      | Found an ancient bone altar of Kikubaaqudgha.
   353 | D:3      | Reached skill level 7 in Stealth
   464 | D:2      | Noticed Sigmund
   504 | D:2      | Learned a level 1 spell: Apportation
   554 | D:2      | Reached XP level 3. HP: 26/26 MP: 3/3
   986 | D:1      | Learned a level 2 spell: Blink
  1329 | D:1      | Reached XP level 4. HP: 31/31 MP: 4/4
  1592 | D:2      | Reached skill level 1 in Conjurations
  2497 | D:3      | Reached skill level 1 in Spellcasting
  2497 | D:3      | Reached skill level 1 in Air Magic
  2497 | D:3      | Reached skill level 1 in Alchemy
  2687 | D:3      | Slain by an orc priest

Illustrated notes

Levels and vault maps discovered:
D:1:      wander_arrival_lonely_grave, layout_basic, nicolae_hexahallways,
          palyth_stone_intersect, due_unseen_surprise
D:2:      layout_basic, uniq_sigmund
D:3:      layout_basic, kiku_gazebo_pond_becter, serial_aquarium,
          aquarium_bridge_square [aquarium_subvault_wall,
          aquarium_subvault_bridge, aquarium_subvault_wall,
          aquarium_subvault_wall], aquarium_window_1, aquarium_window_1,
          aquarium_window_1, aquarium_view_2a, aquarium_balcony_3a,
          aquarium_pool_corner, kennysheep_crisscross, grunt_ministairs_1,
          corexii_corridor_pit, amcnicky_mini_pool_small
D:4:      layout_loops_ring, minmay_goblin_kobold_house
D:5:      layout_rooms, mainiacjoe_overflow_tiny_flanked,
          minmay_temple_entry_drinking_statues, serial_shops,
          nicolae_lakefront_shop
Temple:   mainiacjoe_temple_coin_purse

Skill      XL: |  1  2  3  4 |
---------------+-------------+-----
Stealth        | 7 |  7.5
Conjurations   | 1 |  1.3
Spellcasting   | 1 |  1.0
Air Magic      | 1 |  1.0
Alchemy        | 1 |  1.1
Fighting       | |  3.1
Short Blades   | |  0.2
Long Blades    | |  2.4
Dodging        | |  2.2

Action                     |  1- 3 |  4- 6 || total
---------------------------+-------+-------++-------
  Melee: Long sword        |    51 |    31 ||    82
         Tentacles         |     9 |     2 ||    11
         Constrict         |    11 |    10 ||    21
         Dagger            |    13 |     4 ||    17
  Throw: Boomerang         |       |     1 ||     1
   Cast: Apportation       |     2 |       ||     2
  Evoke: Wand              |     1 |       ||     1
    Use: Scroll            |     1 |       ||     1
         Potion            |       |     5 ||     5
   Stab: Distracted        |     1 |       ||     1
         Sleeping          |    12 |     5 ||    17
 Armour: Skin              |    24 |    25 ||    49
  Dodge: Dodged            |    36 |    24 ||    60

Table legend: (Time is in decaauts)
 A = Elapsed time spent in this place.
 B = Non-inter-level travel time spent in this place.
 C = Inter-level travel time spent in this place.
 D = Time resting spent in this place.
 E = Time spent auto-exploring this place.
 F = Levels seen in this place.
 G = Mean time per level.
                   A        B        C        D        E       F      G
               +--------+--------+--------+--------+--------+-----+--------+
         Total |   2700 |   2621 |     79 |    171 |   1020 |   6 |  450.0 |
       Dungeon |   2671 |   2606 |     65 |    171 |   1020 |   5 |  534.2 |
        Temple |     29 |     15 |     14 |      0 |      0 |   1 |   29.0 |
               +--------+--------+--------+--------+--------+-----+--------+

Top non-repeatable levels by time:
     D:3: 879 daAuts
     D:2: 787 daAuts
     D:1: 754 daAuts
     D:5: 125 daAuts
     D:4: 124 daAuts
  Temple: 29 daAuts
